 Dungeon Crawl Stone Soup version 0.29-a0-648-g6b26cc9f40 (webtiles) character file.

Game seed: 16452353323590067754

6065 happo123 the Zephyrmancer (level 10, -15/58 HPs)
             Began as a Tengu Air Elementalist on June 20, 2022.
             Was a Priest of Vehumet.
             Demolished by an ice devil (19 damage)
             ... summoned by a kobold demonologist
             ... on level 9 of the Dungeon.
             The game lasted 01:50:12 (7836 turns).

happo123 the Zephyrmancer (Tengu Air Elementalist)  Turns: 7836, Time: 01:50:16

Health: -15/58     AC:  9    Str: 15    XL:     10   Next: 87%
Magic:  3/18       EV: 17    Int: 23    God:    Vehumet [***...]
Gold:   212        SH:  0    Dex: 14    Spells: 3/19 levels left

rFire   + . .      SeeInvis +   C - +0 longbow
rCold   . . .      Faith    .   (shield currently unavailable)
rNeg    . . .      Spirit   .   A - +2 robe "Umnaatudu" {rF+ Regen+ Int+3 SInv}
rPois   .          Reflect  .   N - +2 hat
rElec   .          Harm     .   O - +2 cloak
rCorr   .          Rampage  .   (no gloves)
Will    .....                   (boots unavailable)
Stlth   +++.......              P - amulet of magic regeneration
HPRegen 0.99/turn               B - +6 ring of strength
MPRegen 0.56/turn               (no ring)

@: spiked, flying quickly and evasively, quick
A: beak, talons 3, nimble flight
a: Renounce Religion


You were on level 9 of the Dungeon.
You worshipped Vehumet.
Vehumet was most pleased with you.
You visited 2 branches of the dungeon, and saw 10 of its levels.

You collected 498 gold pieces.
You spent 286 gold pieces at shops.

Inventory:

Hand Weapons
 e - a +2 falchion of protection
 f - a +0 dagger of electrocution
 C - a +0 longbow (weapon)
 D - a +0 rapier
Missiles
 G - a throwing net
Armour
 g - +0 steam dragon scales
 A - the +2 robe "Umnaatudu" (worn) {rF+ Regen+ Int+3 SInv}
   (You bought it in a shop on level 1 of the Dungeon)

   Int:       It affects your intelligence (+3).
   rF:        It protects you from fire.
   SInv:      It lets you see invisible.
   Regen:     It increases your rate of health regeneration.
 K - a +0 cloak
 N - a +2 hat (worn)
 O - a +2 cloak (worn)
Magical Staves
 H - a staff of cold
Jewellery
 B - a +6 ring of strength (left hand)
 P - an amulet of magic regeneration (around neck)
Wands
 w - a wand of mindburst (15)
 E - a wand of flame (24)
Scrolls
 c - a scroll of fear {unknown}
 i - 8 scrolls of teleportation
 j - 4 scrolls of enchant weapon
 k - a scroll of magic mapping {unknown}
 n - 2 scrolls of immolation
 o - a scroll of summoning
 p - 3 scrolls of vulnerability
 q - 4 scrolls of enchant armour
 t - a scroll of noise
 v - 3 scrolls of amnesia
 y - 2 scrolls of poison
 I - 2 scrolls of blinking
 M - a scroll of silence
Potions
 a - 2 potions of might {unknown}
 b - a potion of magic
 d - a potion of heal wounds {unknown}
 h - a potion of flight {unknown}
 l - a potion of ambrosia {unknown}
 m - 2 potions of mutation {unknown}
 r - 4 potions of attraction
 s - 6 potions of resistance
 u - 2 potions of berserk rage {unknown}
 x - a potion of brilliance
 z - 3 potions of curing
 F - 2 potions of invisibility {unknown}
 J - a potion of lignification {unknown}
 L - a potion of haste {unknown}


   Skills:
 + Level 4.9 Fighting
 + Level 5.0 Bows
 + Level 5.9 Dodging
 + Level 5.8 Stealth
 + Level 5.0 Spellcasting
 * Level 9.5 Conjurations
 + Level 2.0 Hexes
 + Level 4.2 Ice Magic
 + Level 9.8 Air Magic


You had 3 spell levels left.
You knew the following spells:

 Your Spells              Type           Power      Damage    Failure   Level
a - Shock                 Conj/Air       100%       1d9       1%          1
b - Static Discharge      Conj/Air       50%        N/A       1%          2
c - Swiftness             Air            50%        N/A       1%          3
d - Airstrike             Air            25%        N/A       1%          4
e - Frozen Ramparts       Ice            50%        1d7       1%          3
f - Foxfire               Conj/Fire      100%       2x1d9     1%          1
g - Scorch                Fire           10%        2d6       4%          2

Your spell library contained the following spells:

 Spells                   Type           Power      Damage    Failure   Level
 Mephitic Cloud           Conj/Pois/Air  35%        N/A       1%          3
 Freeze                   Ice            100%       1d11      1%          1
 Magic Dart               Conj           100%       1d8       1%          1
 Searing Ray              Conj           98%        2d8       1%          2
 Blink                    Tloc           10%        N/A       14%         2
 Hailstorm                Conj/Ice       37%        3d9       1%          4
 Fulminant Prism          Conj/Hex       16%        3d11      2%          4
 Ice Form                 Ice/Tmut       15%        N/A       36%         4
 Summon Ice Beast         Ice/Summ       15%        N/A       36%         4
 Manifold Assault         Tloc           5%         N/A       95%         5
 Storm Form               Tmut/Air       14%        N/A       100%        7


Dungeon Overview and Level Annotations

Branches:
Dungeon (9/15)             Temple (1/1) D:4
   Lair: D:8-11         Orc: D:9-12

Altars:
Ashenzari
Cheibriados
Fedhas
Gozag
Hepliaklqana
Kikubaaqudgha
Makhleb
Nemelex Xobeh
Okawaru
Ru
Sif Muna
Trog
Uskayaw
Vehumet
Wu Jian
Xom
Yredelemnul
Zin
The Shining One

Shops:
D:1 [   D:8 (?

Annotations:
D:9 3 runed translucent doors, Gorgondantess's ghost, journeyman TeVM


Innate Abilities, Weirdness & Mutations

You have a beak for a mouth.
You have claws for feet.
Your magical nature lets you fly swiftly and evasively.


Message History

The ufetubus is severely wounded.
The lightning grounds out.
The ice devil hits you but does no damage.
The red devil misses you.
Casting: Static Discharge (safe; 1% risk of failure)
Confirm with . or Enter, or press ? or * to list all spells.
The ice devil is struck by an arc of lightning!
The ice devil is severely wounded.
The red devil is struck by an arc of lightning.
The red devil is moderately wounded.
Something is struck by an arc of lightning.
The lightning grounds out.
The kobold demonologist casts a spell.
The ice devil hits you but does no damage.
The red devil hits you from afar with a +0 trident!
Barbed spikes become lodged in your body.
Shoot: C) +0 longbow
Press: ? - help, Shift-Dir - straight line, f/p - kobold demonologist
Aim: a kobold demonologist, wielding a +0 dagger and wearing a +0 robe (heavily wounded, spells empowered, 50% to hit)
You shoot an arrow. The arrow hits the ice devil.
The ice devil is severely wounded.
The ufetubus disappears in a puff of smoke!
The ice devil hits you but does no damage.
The red devil hits you from afar with a +0 trident!
Barbed spikes become lodged in your body.
The crimson imp blinks!
The iron imp disappears for a moment.
Shoot: C) +0 longbow
Press: ? - help, Shift-Dir - straight line, f/p - kobold demonologist
Aim: a kobold demonologist, wielding a +0 dagger and wearing a +0 robe (heavily wounded, spells empowered, 50% to hit)
You shoot an arrow. The arrow closely misses the ice devil.
The arrow hits the kobold demonologist but does no damage.
The kobold demonologist is heavily wounded.
The red devil closely misses you. The ice devil hits you.
The ice devil freezes you!!
* * * LOW HITPOINT WARNING * * *
The red devil barely misses you. The ice devil hits you!
* * * LOW HITPOINT WARNING * * *
The ice devil freezes you!!
You die...

#######...##...
...##....##..#
#####.##......(##
##.............##
#....#######..##
#...##[.#..##.#.#
#..##..#.#c ###K #
#.##..#...#..#.#5o
#@#..#..#..#....
#4#5#..#.#.5#..
#K4#..#...#..#
##5#z#..#.#..#
#55#..#..#..#
##..##..#...#..#
#....##..#.#..##
##....##..#..##
#.....#######


You could see an ice devil (summoned), a kobold demonologist (empowered), a red
devil (summoned), 2 iron imps, a wight and a crimson imp (summoned).

Vanquished Creatures
  Maggie (D:7)
  Grinder (D:5)
  Sigmund (D:4)
  A shadow (D:6)
  2 wraiths
  6 yaks (D:9)
  A steam dragon (D:6)
  Duvessa (D:7)
  3 water moccasins
  The ghost of zeratav the Shooter, an amateur SpHu (D:3)
  4 ice beasts
  An orc warrior (D:9)
  3 black bears
  An ogre (D:5)
  A centaur (D:9)
  A phantom (D:5)
  3 bullfrogs
  2 gnoll sergeants
  A kobold brigand (D:9)
  6 scorpions
  8 wights
  Dowan (D:7)
  5 killer bees (D:8)
  2 electric eels (D:3)
  3 howler monkeys (D:7)
  Crazy Yiuf (D:7)
  5 orc priests
  2 hounds (D:5)
  2 gnoll shamans
  3 iguanas (D:5)
  6 orc wizards
  17 gnolls
  14 adders
  2 white imps (D:7)
  4 dart slugs (D:1)
  20 orcs
  2 endoplasms (D:1)
  A giant cockroach (D:1)
  8 goblins
  6 hobgoblins
  5 jackals
  2 quokkas
  3 ball pythons
  5 bats
  2 frilled lizards
  6 kobolds
  4 rats (D:1)
180 creatures vanquished.

Vanquished Creatures (collateral kills)
  4 foxfires (D:3)
4 creatures vanquished.

Vanquished Creatures (others)
  16 foxfires
16 creatures vanquished.

Grand Total: 200 creatures vanquished

Notes
Turn   | Place    | Note
-------+----------+-------------------------------------------
     0 | D:1      | happo123 the Tengu Air Elementalist began the quest for the
                  | Orb.
     0 | D:1      | Reached XP level 1. HP: 10/10 MP: 4/4
   339 | D:1      | Found Gelecyuk's Antique Armour Shop.
   357 | D:1      | Reached XP level 2. HP: 15/15 MP: 6/6
   457 | D:1      | Found a faded altar of an unknown god.
   622 | D:1      | Learned a level 2 spell: Static Discharge
   821 | D:1      | Reached XP level 3. HP: 20/20 MP: 7/7
   825 | D:1      | Learned a level 3 spell: Swiftness
  1455 | D:2      | Reached skill level 1 in Fighting
  1455 | D:2      | Reached XP level 4. HP: 10/25 MP: 4/8
  1765 | D:2      | Found a hazy altar of Hepliaklqana.
  2101 | D:3      | Found a shimmering altar of Xom.
  2209 | D:3      | Found a transporter.
  2358 | D:3      | Found a transporter.
  2419 | D:3      | Found a runed translucent door.
  2419 | D:3      | Noticed zeratav's ghost (amateur SpHu)
  2602 | D:1      | Bought a ripped robe for 153 gold pieces
  2602 | D:1      | Identified the +2 robe "Umnaatudu" {rF+ Regen+ Int+3 SInv}
                  | (You bought it in a shop on level 1 of the Dungeon)
  2758 | D:4      | Gained mutation: Your magical nature lets you fly swiftly
                  | and evasively. [Tengu growth]
  2758 | D:4      | Reached XP level 5. HP: 23/29 MP: 6/9
  2795 | D:4      | Reached skill level 5 in Air Magic
  2923 | D:4      | Noticed Sigmund
  2946 | D:4      | Killed Sigmund
  2947 | D:4      | Reached skill level 1 in Bows
  2947 | D:4      | Reached skill level 1 in Ice Magic
  2947 | D:4      | Reached XP level 6. HP: 25/35 MP: 3/11
  2952 | D:4      | Learned a level 4 spell: Airstrike
  3136 | D:4      | Found a staircase to the Ecumenical Temple.
  3146 | Temple   | Entered the Ecumenical Temple
  3204 | Temple   | Became a worshipper of Vehumet
  3665 | D:5      | Entered Level 5 of the Dungeon
  3701 | D:5      | Reached XP level 7. HP: 40/40 MP: 9/12
  3741 | D:5      | Noticed Grinder
  3749 | D:5      | Paralysed by Grinder for 2 turns
  3753 | D:5      | Killed Grinder
  3894 | D:5      | Reached skill level 5 in Conjurations
  3979 | D:5      | Found a sparkling altar of Nemelex Xobeh.
  4064 | D:5      | Reached XP level 8. HP: 45/45 MP: 11/13
  4753 | D:5      | Learned a level 3 spell: Frozen Ramparts
  4975 | D:6      | Reached XP level 9. HP: 48/51 MP: 2/15
  5128 | D:6      | Found a blossoming altar of Fedhas.
  5171 | D:6      | Reached * piety under Vehumet
  5171 | D:6      | Offered knowledge of Foxfire by Vehumet.
  5309 | D:6      | Learned a level 1 spell: Foxfire
  5341 | D:6      | Found a transporter.
  5352 | D:6      | Found a transporter.
  5868 | D:3      | Killed zeratav's ghost
  5970 | D:6      | Reached skill level 5 in Dodging
  6062 | D:7      | Reached skill level 5 in Stealth
  6197 | D:7      | Reached XP level 10. HP: 39/56 MP: 11/17
  6298 | D:7      | Noticed Duvessa
  6300 | D:7      | Noticed Dowan
  6303 | D:7      | Killed Duvessa
  6304 | D:7      | Reached skill level 1 in Hexes
  6305 | D:7      | Killed Dowan
  6370 | D:7      | Reached ** piety under Vehumet
  6370 | D:7      | Offered knowledge of Scorch by Vehumet.
  6438 | D:7      | Noticed Maggie
  6447 | D:7      | Killed Maggie
  6559 | D:7      | Found a runed translucent door.
  6560 | D:7      | Noticed Crazy Yiuf
  6566 | D:7      | Killed Crazy Yiuf
  6765 | D:7      | Learned a level 2 spell: Scorch
  6994 | D:8      | Found a bloodstained altar of Trog.
  7044 | D:8      | Found Qalisk Wunn's Weapon Shoppe.
  7139 | D:8      | Found an ornate altar of the Wu Jian Council.
  7228 | D:8      | Offered knowledge of Mephitic Cloud by Vehumet.
  7420 | D:8      | Found an ancient bone altar of Kikubaaqudgha.
  7433 | D:8      | Found a broken altar of Ashenzari.
  7445 | D:8      | Found a glowing golden altar of the Shining One.
  7454 | D:8      | Found an opulent altar of Gozag.
  7487 | D:8      | Found Esonos's Magic Scroll Shop.
  7495 | D:8      | Bought a scroll of blinking for 105 gold pieces
  7495 | D:8      | Bought a scroll of identify for 28 gold pieces
  7638 | D:9      | Reached *** piety under Vehumet
  7681 | D:9      | Found a runed translucent gate.
  7681 | D:9      | Found a runed translucent gate.
  7681 | D:9      | Found a runed translucent gate.
  7686 | D:9      | Noticed Gorgondantess's ghost (journeyman TeVM)
  7746 | D:9      | Reached skill level 5 in Spellcasting
  7800 | D:9      | Noticed a kobold demonologist
  7822 | D:9      | Reached skill level 5 in Bows
  7825 | D:9      | Noticed a soul eater
  7836 | D:9      | Demolished by an ice devil

Illustrated notes

Levels and vault maps discovered:
D:1:      ncdulo_smallfort, layout_basic, serial_shops, shop,
          shapermc_ecumenical_altar_starsandcircs
D:2:      layout_basic, basic_altar
D:3:      gammafunk_steamed_eel, layout_basic, old_standard_altar,
          gammafunk_ghost_grave
D:4:      layout_basic, minmay_temple_entry_purple_smoke, uniq_sigmund
D:5:      layout_gridville, marbit_many_paths, serial_rivers,
          chequers_serial_rivers_micro_e, chequers_serial_rivers_small_a,
          chequers_serial_rivers_small_a, chequers_serial_rivers_room_a,
          chequers_serial_rivers_small_b, chequers_serial_rivers_micro_b,
          corexii_leaking_fountain, uniq_grinder
D:6:      gammafunk_cloud_chamber, layout_rooms, fedhas_altar_1,
          bh_walls_and_bars
D:7:      layout_cave_pods, chequers_decorated_corner, uniq_maggie,
          uniq_crazy_yiuf_cottage, uniq_duvessa
D:8:      layout_rooms, old_standard_altar, mainiacjoe_overflow_alcove_2,
          grunt_temple_overflow_cloverleaf, serial_shops, shop, shop_fountains,
          serial_aquarium, aquarium_bridge_square [aquarium_subvault_bridge,
          aquarium_subvault_bridge, aquarium_subvault_bridge,
          aquarium_subvault_bridge], aquarium_bridge_island_small
          [aquarium_subvault_small_open, aquarium_subvault_wall,
          aquarium_subvault_balcony, aquarium_subvault_bridge,
          aquarium_subvault_bridge], aquarium_window_corner,
          aquarium_window_corner, aquarium_view_2d, aquarium_balcony_3a,
          minivault_26
D:9:      minmay_the_grid_octo_triangle [minmay_the_grid_octo_checkerflower,
          minmay_the_grid_octo_prize_square_snowflake,
          minmay_the_grid_octo_thin_diamonds], layout_gridville, orc_david_3,
          gammafunk_ghost_spectres, roderic_batcave
Temple:   nicolae_temple_figure_zero

Skill      XL: |  1  2  3  4  5  6  7  8  9 10 |
---------------+-------------------------------+-----
Conjurations   | 2 3 4 5 6 8 9 |  9.5
Fighting       | 1 2 3 4 |  4.9
Air Magic      | 5 6 7 9 |  9.8
Bows           | 1 2 3 4 5 |  5.0
Dodging        | 3 4 5 |  5.9
Stealth        | 3 4 5 |  5.8
Ice Magic      | 1 2 3 4 |  4.2
Spellcasting   | 3 4 5 |  5.0
Hexes          | 2 |  2.0

Action                   |  1- 3 |  4- 6 |  7- 9 | 10-12 || total
-------------------------+-------+-------+-------+-------++-------
Melee: Short sword       |    28 |    13 |       |       ||    41
       Kick              |     6 |     1 |     2 |     8 ||    17
       Peck              |     3 |       |     2 |     1 ||     6
       Punch             |     1 |       |       |       ||     1
       Rapier            |       |       |     2 |       ||     2
       Dagger            |       |       |     2 |       ||     2
       Longbow           |       |       |     1 |       ||     1
       Falchion          |       |       |       |    12 ||    12
 Fire: Longbow           |       |    16 |   105 |    75 ||   196
 Cast: Shock             |    35 |    35 |    31 |    15 ||   116
       Static Discharge  |     2 |     7 |    35 |    31 ||    75
       Airstrike         |       |       |    14 |    15 ||    29
       Swiftness         |       |       |     1 |       ||     1
       Foxfire           |       |       |     8 |     3 ||    11
       Frozen Ramparts   |       |       |     7 |    11 ||    18
       Scorch            |       |       |       |    23 ||    23
  Use: Scroll            |       |     6 |     7 |     2 ||    15
 Stab: Sleeping          |     2 |     2 |     2 |       ||     6
Armor: Robe              |    15 |    10 |    18 |    18 ||    61
Dodge: Dodged            |    23 |    34 |    67 |    70 ||   194

Table legend: (Time is in decaauts)
 A = Elapsed time spent in this place.
 B = Non-inter-level travel time spent in this place.
 C = Inter-level travel time spent in this place.
 D = Time resting spent in this place.
 E = Time spent auto-exploring this place.
 F = Levels seen in this place.
 G = Mean time per level.
                   A        B        C        D        E       F      G
               +--------+--------+--------+--------+--------+-----+--------+
         Total |   7591 |   4689 |   2902 |    350 |   2180 |  10 |  759.1 |
       Dungeon |   7476 |   4587 |   2889 |    350 |   2081 |   9 |  830.7 |
        Temple |    115 |    103 |     12 |      0 |     98 |   1 |  115.0 |
               +--------+--------+--------+--------+--------+-----+--------+

Top non-repeatable levels by time:
     D:5: 1224 daAuts
     D:1: 1171 daAuts
     D:2: 1055 daAuts
     D:7: 901 daAuts
     D:6: 791 daAuts
     D:4: 788 daAuts
     D:8: 675 daAuts
     D:3: 671 daAuts
     D:9: 198 daAuts
  Temple: 115 daAuts
